 Dungeon Sprint DCSS version 0.31-a0-801-gc67433417a (webtiles) character file.

Game seed: 6717088201650855987

14646 Revguard the Peltast (level 12, -4/105 HPs)
             Began as a Formicid Fighter on Sept 20, 2023.
             Was the Champion of Okawaru.
             Slain by a small abomination (12 damage)
             ... in the Dungeon (Sprint V: "Ziggurat Sprint").
             The game lasted 00:09:21 (793 turns).

Revguard the Peltast (Formicid Fighter)              Turns: 793, Time: 00:09:23

Health: -4/105     AC: 37    Str: 34 (35) XL:     12   Next: 47%
Magic:  22/22      EV:  7    Int: 10      God:    Okawaru [******]
Gold:   0          SH: 31    Dex: 13      Spells: 11/11 levels left

rFire   + . .        A - +12 lance "Wyrmbane" {slay drac, rPois rF+ rC+ AC+3}
rCold   . . .        y - +18 shield of the Gong {Loud rN+ Will+ rCorr EV-5}
rNeg    + . .        z - +15 Maxwell's patent armour {-Cast -Tele rElec Will+ rCorr}
rPois   +            (helmet unavailable)
rElec   +            (no cloak)
rCorr   +            (no gloves)
SInv    +            t - +2 pair of boots "Pireiph" {Harm rCorr Int+3 Dex-2 Stlth+}
Will    +++..        p - amulet of regeneration Stlth
                     u - +6 ring of strength
HPRegen 1.17/turn    a - ring of Ejemedgh {rPois Str+4 SInv}
MPRegen 0.18/turn

%: no spellcasting, harm (+30% outgoing, +20% incoming)
@: lethally poisoned (-4 -> -5), studying Staves
A: permanent stasis, dig shafts and tunnels, antennae 3, four strong arms,
deterioration 1, cold vulnerability 1
a: Dig, Renounce Religion, Heroism, Finesse


You were in the Dungeon.
You worshipped Okawaru.
Okawaru was exalted by your worship.
You visited 1 branch

Inventory:

Hand Weapons
 A - the +12 lance "Wyrmbane" (weapon) {slay drac, rPois rF+ rC+ AC+3}
   (You found it in the Dungeon)

   AC+3:      It affects your AC (+3).
   rF+:       It protects you from fire.
   rC+:       It protects you from cold.
   rPois:     It protects you from poison
 B - the +9 glaive of Forgiveness {flame, rC- rN+ Dex+7}
   (Okawaru gifted it to you in the Dungeon)

   Dex+7:     It affects your dexterity (+7).
   rC-:       It makes you vulnerable to cold.
   rN+:       It protects you from negative energy.
Armour
 t - the +2 pair of boots "Pireiph" (worn) {Harm rCorr Int+3 Dex-2 Stlth+}
   (Okawaru gifted it to you in the Dungeon)

   Int+3:     It affects your intelligence (+3).
   Dex-2:     It affects your dexterity (-2).
   rCorr:     It protects you from acid and corrosion.
   Harm:      It increases damage dealt and taken.
   Stlth+:    It makes you more stealthy.
 y - the +18 shield of the Gong (worn) {Loud rN+ Will+ rCorr EV-5}
   (You found it in the Dungeon)

   Loud:      It is deafeningly noisy when blocking attacks.
   EV-5:      It affects your evasion (-5).
   rN+:       It protects you from negative energy.
   Will+:     It increases your willpower.
   rCorr:     It protects you from acid and corrosion.
 z - the +15 Maxwell's patent armour (worn) {-Cast -Tele rElec Will+ rCorr}
   (You found it in the Dungeon)

   rElec:     It insulates you from electricity.
   Will+:     It increases your willpower.
   -Cast:     It prevents spellcasting.
   -Tele:     It prevents most forms of teleportation.
   rCorr:     It protects you from acid and corrosion.
Jewellery
 a - the ring of Ejemedgh (right hand) {rPois Str+4 SInv}
   (You found it in the Dungeon)

   [ring of see invisible]

   Str+4:     It affects your strength (+4).
   rPois:     It protects you from poison SInv: It lets you see invisible.
 b - a +5 ring of evasion
 c - a ring of resist corrosion
 k - a ring of poison resistance
 p - an amulet of regeneration (around neck)
 q - a ring of ice
 r - a ring of magical power
 u - a +6 ring of strength (left hand)
 v - a +6 ring of strength
 D - the amulet "Kamerrah" {Faith Rampage rN+ Dex+3}
   (You found it in the Dungeon)

   [amulet of faith]

   Faith:     It allows you to gain divine favour quickly.
   Dex+3:     It affects your dexterity (+3).
   rN+:       It protects you from negative energy.
   Rampage:   It bestows one free step when moving towards enemies.
Wands
 i - a wand of flame (10)
 s - a wand of roots (7)
 w - a wand of mindburst (5)
 x - a wand of quicksilver (11)
 C - a wand of polymorph (8)
 F - a wand of paralysis (5)
Scrolls
 l - 4 scrolls of amnesia
 m - 7 scrolls of fog
 n - 5 scrolls of identify
 o - 2 scrolls of fear
 E - 2 scrolls of brand weapon
Potions
 d - 6 potions of might
 e - 10 potions of curing
 f - 12 potions of heal wounds
 g - 7 potions of magic
 h - 2 potions of brilliance
 j - 3 potions of resistance


   Skills:
 + Level 13.5 Fighting
 + Level 12.3 Polearms
 + Level 13.1 Armour
 + Level 10.8 Dodging
 + Level 15.4 Shields
 + Level 13.7 Invocations
 + Level 12.7 Evocations


You had 11 spell levels left.
You didn't know any spells.
Your spell library contained the following spells:

 Spells                   Type           Power      Damage    Failure   Level
 Shock                    Conj/Air       0%         1d3       94%         1
 Sting                    Tmut/Pois      0%         1d3       94%         1
 Ensorcelled Hibernation  Hex/Ice        0%         N/A       98%         2
 Lesser Beckoning         Tloc           0%         N/A       98%         2
 Passwall                 Tmut/Erth      0%         N/A       98%         2
 Wereblood                Tmut           0%         N/A       98%         2
 Gell's Gravitas          Tloc           0%         N/A       100%        3
 Teleport Other           Tloc           0%         N/A       100%        3
 Airstrike                Air            0%         2d(0-16)  100%        4
 Irradiate                Conj/Tmut      0%         3d11      100%        5
 Eringya's Noxious Bog    Tmut/Pois      0%         4d6       100%        6
 Swiftness                Air            Unusable   N/A       N/A         3

Dungeon Overview and Level Annotations

Branches:
Dungeon (1/1)

Altars:
Ashenzari
Cheibriados
Dithmenos
Elyvilon
Fedhas
Gozag
Hepliaklqana
Kikubaaqudgha
Makhleb
Nemelex Xobeh
Okawaru
Qazlal
Ru
Sif Muna
Trog
Uskayaw
Vehumet
Wu Jian
Xom
Yredelemnul
Zin
The Shining One
Jiyva
Lugonu


Innate Abilities, Weirdness & Mutations

You cannot be hasted, slowed, berserked, paralysed or teleported.
You can dig through walls and to a lower floor.
You have a pair of large antennae on your head. (SInv)
Your four strong arms can wield two-handed weapons with a shield.
Your body sometimes deteriorates upon taking damage.
You are vulnerable to cold. (rC-)


Message History

The quasit barely misses you. You block the quasit's attack.
GONNNNG!
The quasit bites you but does no damage.
You block the quasit's attack.
GONNNNG!
The quasit barely misses you.
You miss the quasit.
You block the small abomination's attack.
GONNNNG!
You block the large abomination's attack.
BONNNG!
You block the quasit's attack.
BOUMMMMG!
The quasit claws you but does no damage.
You block the quasit's attack.
GONNNNG!
The quasit bites you but does no damage.
You block the quasit's attack.
GONNNNG!
The quasit claws you but does no damage.
You barely miss the quasit.
You feel sick.
You block the small abomination's attack.
GONNNNG!
You block the large abomination's attack.
GONNNNG!
Unknown command.
You puncture the small abomination!
The small abomination is almost destroyed.
You block the quasit's attack.
BOUMMMMG!
You block the quasit's attack.
GONNNNG!
The quasit claws you but does no damage.
The large abomination hits you!!
* * * LOW HITPOINT WARNING * * *
You block the quasit's attack.
GONNNNG!
The quasit claws you but does no damage. x2
The small abomination hits you!
You die...

▓...8©8...▓
▓..)/"==..▓...|.))..▓
▓..?::):..▓...)|))..▓
▓.........▓.........▓
▓.........▓.........▓
▓.........▓.........▓
▓....5....▓.........▓
▓...5x5...▓.▓.....▓.▓
▓...X@....▓....©..).▓
▓....©X...▓▓▓▓▓▓▓▓▓▓▓
▓▓▓▓▓▓▓▓▓▓▓ { {


{{{{{{{{{{{{{{{{ {{{{{{{{ {{{{{{{{{ {{ {{{{{{{ {{{{ {{{{{ You could see 2 large
abominations, a small abomination, 2 quasits and a shadow imp.

Vanquished Creatures
  A green draconian (D)
  A purple draconian (D)
  A red draconian (D)
  A black draconian (D)
  3 two-headed ogres (D)
  2 dancing weapons (D)
  A thrashing horror (D)
  A deep elf knight (D)
  A sixfirhy (D)
  A deep elf archer (D)
  A cyclops (D)
  A deep elf pyromancer (D)
  4 draconians (D)
  A worldbinder (D)
  A black mamba (D)
  3 toenail golems (D)
  A gargoyle (D)
  An efreet (D)
  4 merfolk (D)
  A wind drake (D)
  A raiju (D)
  2 fire elementals (D)
  2 neqoxecs (D)
  2 nagas (D)
  A water moccasin (D)
  A hell hound (D)
  A wolf (D)
  A centaur (D)
  5 earth elementals (D)
  A necrophage (D)
  An iguana (D)
  3 white imps (D)
  An ufetubus (D)
  An adder zombie (D)
  2 ball pythons (D)
  A ball python zombie (D)
  A fire vortex (D)
58 creatures vanquished.

Notes
Turn   | Place    | Note
-------+----------+-------------------------------------------
     0 | D        | Revguard the Formicid Fighter began the quest for the Orb.
     0 | D        | Reached XP level 1. HP: 18/18 MP: 1/1
     0 | D        | Found a blossoming altar of Fedhas.
     0 | D        | Found the +6 Majin-Bo {spellvamp, MP+6 Int+6}
     0 | D        | Found the +27 heavy crossbow "Sniper" {heavy, Acc+∞ SInv}
     0 | D        | Found the +10 dark maul {heavy}
     0 | D        | Found the +15 Maxwell's patent armour {-Cast -Tele rElec
                  | Will+ rCorr}
     0 | D        | Found the +18 shield of the Gong {Loud rN+ Will+ rCorr
                  | EV-5}
     0 | D        | Found the +16 obsidian axe {drain, demonic, Mesm Drain Fly
                  | SInv}
     0 | D        | Found the +7 great mace "Firestarter" {flame, immolate,
                  | rFlCloud rF++}
     0 | D        | Found the +6 shillelagh "Devastator" {shatter}
     0 | D        | Found the +11 plutonium sword {Contam Stlth-}
     0 | D        | Found the +8 lance "Wyrmbane" {slay drac, rPois rF+ rC+
                  | AC+3}
     0 | D        | Found the +9 sword of Zonguldrok {reap}
     0 | D        | Found the +13 scythe of Curses {drain, curses, Drain}
     0 | D        | Found the +9 sword of Power {lifebolt}
     0 | D        | Found the +7 mace of Variability {chaos, chaos arc}
     0 | D        | Found the +11 Singing Sword {sonic wave}
     0 | D        | Found the +8 storm bow {elec, penet}
     1 | D        | Found a shimmering blue altar of Sif Muna.
     1 | D        | Found a sacrificial altar of Ru.
     1 | D        | Found a bloodstained altar of Trog.
     1 | D        | Found a stormy altar of Qazlal.
     1 | D        | Found an iron altar of Okawaru.
     1 | D        | Found a sparkling altar of Nemelex Xobeh.
     3 | D        | Found a transporter.
     3 | D        | Found an ancient bone altar of Kikubaaqudgha.
     3 | D        | Found a viscous altar of Jiyva.
     3 | D        | Found a corrupted altar of Lugonu.
     3 | D        | Found a hazy altar of Hepliaklqana.
     3 | D        | Found a burning altar of Makhleb.
     3 | D        | Found an opulent altar of Gozag.
    47 | D        | Became a worshipper of Warmaster Okawaru
    51 | D        | Reached skill level 5 in Shields
    51 | D        | Reached XP level 2. HP: 26/26 MP: 1/4
    59 | D        | Entered arena 2.
    59 | D        | Noticed a wolf
    59 | D        | Found a transporter.
    63 | D        | Killed a wolf
    64 | D        | Reached skill level 5 in Fighting
    64 | D        | Reached skill level 5 in Armour
    64 | D        | Reached skill level 6 in Shields
    64 | D        | Reached XP level 3. HP: 33/33 MP: 2/6
    64 | D        | Reached XP level 4. HP: 39/39 MP: 2/7
    65 | D        | Reached * piety under Okawaru
    66 | D        | Reached XP level 5. HP: 44/44 MP: 2/8
    81 | D        | Entered arena 3.
    81 | D        | Found a transporter.
    88 | D        | Reached skill level 7 in Shields
    88 | D        | Reached skill level 5 in Invocations
    95 | D        | Got the ring of Ejemedgh {rPois Str+4 SInv}
   101 | D        | Entered arena 4.
   101 | D        | Noticed a two-headed ogre
   101 | D        | Noticed a two-headed ogre
   101 | D        | Noticed a two-headed ogre
   101 | D        | Noticed a cyclops
   101 | D        | Found a transporter.
   109 | D        | Killed a two-headed ogre
   109 | D        | Reached ** piety under Okawaru
   109 | D        | Reached *** piety under Okawaru
   110 | D        | Reached skill level 5 in Dodging
   110 | D        | Reached skill level 9 in Shields
   110 | D        | Reached XP level 6. HP: 51/56 MP: 4/11
   110 | D        | Reached XP level 7. HP: 56/61 MP: 4/12
   110 | D        | Reached XP level 8. HP: 62/68 MP: 4/13
   116 | D        | Killed a two-headed ogre
   117 | D        | Reached skill level 10 in Shields
   122 | D        | Killed a two-headed ogre
   122 | D        | Reached **** piety under Okawaru
   123 | D        | Reached XP level 9. HP: 72/76 MP: 5/15
   129 | D        | Killed a cyclops
   129 | D        | Reached ***** piety under Okawaru
   130 | D        | Reached skill level 11 in Shields
   145 | D        | Entered arena 5.
   145 | D        | Found a transporter.
   165 | D        | Reached skill level 10 in Fighting
   185 | D        | Entered arena 6.
   185 | D        | Noticed a +0 war axe of electrocution
   185 | D        | Noticed a deep elf archer
   185 | D        | Noticed a +0 dire flail of draining
   185 | D        | Noticed a deep elf knight
   185 | D        | Noticed a deep elf pyromancer
   185 | D        | Found a transporter.
   192 | D        | Killed a +0 war axe of electrocution
   193 | D        | Reached skill level 10 in Armour
   193 | D        | Reached skill level 10 in Invocations
   193 | D        | Reached XP level 10. HP: 83/86 MP: 7/17
   215 | D        | Killed a +0 dire flail of draining
   215 | D        | Received a gift from Okawaru
   216 | D        | Reached skill level 12 in Shields
   226 | D        | Killed a deep elf knight
   236 | D        | Killed a deep elf archer
   237 | D        | Reached skill level 10 in Evocations
   242 | D        | Killed a deep elf pyromancer
   313 | D        | Entered arena 7.
   313 | D        | Noticed a black mamba
   314 | D        | Found a transporter.
   326 | D        | Killed a black mamba
   327 | D        | Reached skill level 10 in Polearms
   333 | D        | Reached ****** piety under Okawaru
   339 | D        | Reached XP level 11. HP: 90/93 MP: 19/19
   348 | D        | Reached skill level 13 in Shields
   352 | D        | Acquired the +9 glaive of Forgiveness {flame, rC- rN+
                  | Dex+7}
   352 | D        | Received a gift from Okawaru
   353 | D        | Acquired the +2 pair of boots "Pireiph" {Harm rCorr Int+3
                  | Dex-2 Stlth+}
   353 | D        | Received a gift from Okawaru
   383 | D        | Entered arena 8.
   387 | D        | Found a transporter.
   439 | D        | Got the amulet "Kamerrah" {Faith Rampage rN+ Dex+3}
   446 | D        | Entered arena 9.
   446 | D        | Noticed a thrashing horror
   447 | D        | Found a transporter.
   457 | D        | Gained mutation: Your body sometimes deteriorates upon
                  | taking damage. [a neqoxec]
   466 | D        | Killed a thrashing horror
   472 | D        | Gained mutation: You are vulnerable to cold. (rC-) [a
                  | neqoxec]
   612 | D        | Entered arena 10.
   612 | D        | Noticed a black draconian
   612 | D        | Noticed a draconian
   612 | D        | Noticed a red draconian
   612 | D        | Noticed a draconian
   612 | D        | Noticed a draconian
   612 | D        | Noticed a purple draconian
   612 | D        | Noticed a green draconian
   612 | D        | Noticed a draconian
   629 | D        | Killed a green draconian
   632 | D        | Killed a black draconian
   633 | D        | Reached skill level 14 in Shields
   639 | D        | Killed a red draconian
   640 | D        | Killed a draconian
   657 | D        | Killed a draconian
   658 | D        | Reached skill level 10 in Dodging
   660 | D        | Killed a purple draconian
   661 | D        | Reached XP level 12. HP: 68/103 MP: 21/21
   674 | D        | Found a transporter.
   681 | D        | Got the Quarto of the Body
   696 | D        | Entered arena 11.
   710 | D        | Reached skill level 15 in Shields
   748 | D        | Found a transporter.
   766 | D        | Entered arena 12.
   766 | D        | Noticed a sixfirhy
   774 | D        | Killed a sixfirhy
   793 | D        | Slain by a small abomination

Illustrated notes

Levels and vault maps discovered:
D:        sprint_v [room_start, room_1, room_2, room_3, room_4, room_5, room_6,
          room_7, room_8, room_9, room_10, room_11, room_12, room_13, room_14,
          room_15, room_16, room_17, room_18, room_19, room_20, room_21,
          room_22, room_23, room_24, room_25, room_26, room_27]

Skill      XL: |  1  2  3  4  5  6  7  8  9 10 11 12 |
---------------+-------------------------------------+-----
Fighting       | 4 5 7 9 10 11 12 13 | 13.5
Polearms       | 3 4 6 8 9 10 11 12 | 12.3
Armour         | 4 5 7 9 10 11 12 13 | 13.1
Dodging        | 2 3 5 6 7 8 10 | 10.8
Shields        | 5 6 9 10 11 12 14 15 | 15.4
Invocations    | 3 4 7 9 10 11 13 | 13.7
Evocations     | 2 3 4 6 8 9 10 12 | 12.7

Action                     |  1- 3 |  4- 6 |  7- 9 | 10-12 || total
---------------------------+-------+-------+-------+-------++-------
  Melee: Lance             |     4 |    14 |    40 |   268 ||   326
 Invoke: Heroism           |       |     1 |     1 |       ||     2
         Finesse           |       |       |     1 |       ||     1
         Receive Weapon    |       |       |       |     1 ||     1
         Receive Armour    |       |       |       |     1 ||     1
  Evoke: Wand              |       |       |       |     2 ||     2
    Use: Potion            |     1 |       |       |     6 ||     7
   Stab: Invisible         |       |       |       |    11 ||    11
 Armour: Plate armour      |     1 |    10 |    11 |   159 ||   181
  Dodge: Dodged            |     1 |     1 |     5 |    40 ||    47
  Block: Kite shield       |     6 |    23 |    47 |   369 ||   445

Table legend: (Time is in decaauts)
 A = Elapsed time spent in this place.
 B = Non-inter-level travel time spent in this place.
 C = Inter-level travel time spent in this place.
 D = Time resting spent in this place.
 E = Time spent auto-exploring this place.
 F = Levels seen in this place.
 G = Mean time per level.
                   A        B        C        D        E       F      G
               +--------+--------+--------+--------+--------+-----+--------+
         Total |    648 |    648 |      0 |    166 |      0 |   1 |  648.0 |
       Dungeon |    648 |    648 |      0 |    166 |      0 |   1 |  648.0 |
               +--------+--------+--------+--------+--------+-----+--------+

Top non-repeatable levels by time:
       D: 648 daAuts
